 Dungeon Crawl Stone Soup version 0.21.1-1-g345015f (webtiles) character file.

298 wotfoxis the Caller (level 6, -3/32 HPs)
             Began as a Deep Elf Summoner on Feb 19, 2018.
             Was an Initiate of Vehumet.
             Slain by a bullfrog (8 damage)
             ... on level 6 of the Dungeon.
             The game lasted 00:30:46 (4805 turns).

wotfoxis the Caller (Deep Elf Summoner)             Turns: 4805, Time: 00:30:49

Health: -3/32      AC:  5    Str:  5    XL:     6   Next: 13%
Magic:  1/16       EV: 12    Int: 22    God:    Vehumet [......]
Gold:   323        SH:  0    Dex: 15    Spells: 2/16 levels left

rFire    x . .     SeeInvis .   s - staff of poison
rCold    + . .     Gourm    .   (no shield)
rNeg     . . .     Faith    .   q - +0 leather armour
rPois    +         Spirit   .   (no helmet)
rElec    .         Reflect  .   p - +0 cloak
rCorr    .         Harm     .   (no gloves)
MR       .....                  d - +0 pair of boots
Stlth    ++........             (no amulet)
HPRegen  0.10/turn              v - ring of poison resistance
MPRegen  0.15/turn              e - ring of ice

@: confusing touch, about to teleport, very slightly contaminated
A: no striking features
a: Renounce Religion


You were on level 6 of the Dungeon.
You worshipped Vehumet.
Vehumet was noncommittal.
You were not hungry.

You visited 2 branches of the dungeon, and saw 7 of its levels.

You collected 323 gold pieces.

Inventory:

Missiles
 B - a throwing net (quivered)
Armour
 a - a +0 robe
 d - a +0 pair of boots (worn)
 p - a +0 cloak (worn)
 q - a +0 leather armour (worn)
 C - a scarf of cloud immunity
Magical Staves
 s - an uncursed staff of poison (weapon)
Jewellery
 e - a ring of ice (right hand)
 v - a ring of poison resistance (left hand)
 A - an uncursed ring of ice
Scrolls
 g - a scroll of magic mapping
 i - 2 scrolls of remove curse
 j - a scroll of fear {unknown}
 k - 3 scrolls of identify
 l - a scroll of random uselessness {unknown}
 m - 2 scrolls of immolation
 r - a scroll of fog {unknown}
 u - a scroll of noise {unknown}
 w - a scroll of enchant weapon {unknown}
 x - a scroll of amnesia {unknown}
Potions
 f - a potion of mutation
 h - 3 potions of flight
 o - a potion of cancellation
 t - a potion of magic
 z - a potion of ambrosia
Books
 b - a book of Callings

   Spells                             Type                      Level
   a - Summon Small Mammal            Summoning                    1
   b - Call Imp                       Summoning                    2
   c - Call Canine Familiar           Summoning                    3
   d - Summon Guardian Golem          Hexes/Summoning              3
   e - Summon Lightning Spire         Summoning/Air                4
   f - Summon Ice Beast               Ice/Summoning                4
 y - a book of Cantrips

   Spells                             Type                      Level
   a - Confusing Touch                Hexes                        1
   b - Animate Skeleton               Necromancy                   1
   c - Summon Small Mammal            Summoning                    1
   d - Apportation                    Translocation                1
Comestibles
 c - 12 rations
 D - a chunk of flesh


   Skills:
 + Level 0.2 Fighting
   Level 0.4 Short Blades
 + Level 2.6 Dodging
 + Level 2.9 Stealth
 + Level 5.9 Spellcasting
 + Level 6.5 Summonings


You had 2 spell levels left.
You knew the following spells:

 Your Spells              Type           Power        Failure   Level  Hunger
a - Summon Small Mammal   Summ           ####         1%          1    None
b - Call Imp              Summ           #####...     1%          2    None
c - Call Canine Familiar  Summ           #####...     3%          3    #......
d - Summon Guardian Gole  Hex/Summ       ###.....     12%         3    #......
e - Summon Lightning Spi  Summ/Air       ###.....     36%         4    ###....
f - Confusing Touch       Hex            #.....       16%         1    None


Dungeon Overview and Level Annotations

Branches:
Dungeon (6/15)             Temple (1/1) D:5

Altars:
Ashenzari
Cheibriados
Dithmenos
Elyvilon
Gozag
Hepliaklqana
Kikubaaqudgha
Makhleb
Nemelex Xobeh
Okawaru
Ru
Trog
Uskayaw
Vehumet
Wu Jian
Xom
Yredelemnul
The Shining One


Message History

The orc wizard blinks!
Your crimson imp hits the orc.
Your rat closely misses the orc wizard.
The hound bites you.
Casting: Summon Small Mammal
Confirm with . or Enter, or press ? or * to list all spells.
The bullfrog hits you. The hound barely misses you. The bullfrog hits you.
Your rat bites the orc.
As you read the scroll of teleportation, it crumbles to dust.
You feel strangely unstable. The hound closely misses you.
The orc wizard misses you. The bullfrog barely misses you.
The orc hits you with a mace of holy wrath.
* * * LOW HITPOINT WARNING * * *
Your rat bites the orc.
The hound bites you but does no damage.
You swap places.
Your bat closely misses the bullfrog.
Your bat barely misses the orc wizard.
The bullfrog hits you.
* * * LOW HITPOINT WARNING * * *
The hound bites you but does no damage.
Your crimson imp closely misses the hound.
The orc hits your rat with a mace of holy wrath.
The bullfrog hits you!
You die...

###### ########
#.....####### #.......
#...........###.......
#.....................
#.............#.......
.............########
...#####.............
#
........b..(......##.
# ...#.@o.h........ #
#.Fhor......... #
#.#5...##...... #
#.#...o# ...... #
#.#........... #
#+#.o...o# #. #
....>.... .. .........
.# .........


You could see a black bear, a bullfrog, a hound, an orc wizard, 4 orcs, a
friendly crimson imp, a friendly bat and a friendly rat.

Vanquished Creatures
  An orc wizard (D:2)
  A leopard gecko (D:3)
  A bat (D:2)
  2 giant cockroaches
  A hobgoblin (D:1)
  A quokka (D:4)
  A rat (D:2)
8 creatures vanquished.

Vanquished Creatures (collateral kills)
  An ogre (D:5)
  A howler monkey (D:3)
  A bullfrog zombie (D:6)
  4 orc wizards
  An orc priest (D:5)
  3 worker ants
  3 gnolls (D:3)
  3 adders
  2 oozes (D:1)
  An adder zombie (D:5)
  An adder skeleton (D:5)
  3 worms
  A leopard gecko (D:3)
  5 orcs
  5 bats
  2 giant cockroaches
  4 goblins
  8 hobgoblins
  6 kobolds
  A quokka skeleton (D:5)
  7 rats
63 creatures vanquished.

Grand Total: 71 creatures vanquished

Notes
Turn   | Place    | Note
-------+----------+-------------------------------------------
     0 | D:1      | wotfoxis the Deep Elf Summoner began the quest for the Orb.
     0 | D:1      | Reached XP level 1. HP: 10/10 MP: 6/6
   195 | D:1      | Reached XP level 2. HP: 15/15 MP: 4/8
   479 | D:2      | Found a shadowy altar of Dithmenos.
   479 | D:2      | Found a sparkling altar of Nemelex Xobeh.
   511 | D:2      | Reached skill level 5 in Summonings
   511 | D:2      | Reached XP level 3. HP: 12/19 MP: 0/10
   628 | D:2      | Found a sacrificial altar of Ru.
  1003 | D:2      | Learned a level 2 spell: Call Imp
  1007 | D:2      | Learned a level 3 spell: Call Canine Familiar
  1144 | D:2      | Reached XP level 4. HP: 24/24 MP: 7/12
  1465 | D:3      | Reached skill level 5 in Spellcasting
  1553 | D:3      | Reached XP level 5. HP: 26/28 MP: 4/14
  1835 | D:3      | Found a white marble altar of Elyvilon.
  2501 | D:4      | Learned a level 3 spell: Summon Guardian Golem
  2506 | D:4      | Learned a level 4 spell: Summon Lightning Spire
  2809 | D:4      | Learned a level 1 spell: Confusing Touch
  3059 | D:5      | Entered Level 5 of the Dungeon
  3186 | D:5      | Reached skill level 6 in Summonings
  3200 | D:5      | Found a staircase to the Ecumenical Temple.
  3210 | Temple   | Entered the Ecumenical Temple
  3395 | Temple   | Became a worshipper of Vehumet
  3495 | D:5      | Noticed an ogre
  3507 | D:5      | Killed an ogre
  3799 | D:5      | Reached XP level 6. HP: 9/32 MP: 0/16
  4805 | D:6      | Slain by a bullfrog

Skill      XL: |  1  2  3  4  5 |
---------------+----------------+-----
Summonings     | 5 6 |  6.5
Spellcasting   | 4 5 |  5.9
Fighting       | |  0.2
Short Blades   | |  0.4
Dodging        | |  2.6
Stealth        | |  2.9

Action                   |  1- 3 |  4- 6 || total
-------------------------+-------+-------++-------
Melee: Dagger            |    20 |    15 ||    35
       Unarmed           |     1 |       ||     1
       Staff             |       |    13 ||    13
 Cast: Summon Small Mamm |    95 |    57 ||   152
       Call Imp          |     2 |    18 ||    20
       Call Canine Famil |     1 |     7 ||     8
       Confusing Touch   |       |    28 ||    28
       Summon Lightning  |       |     2 ||     2
  Use: Scroll            |       |    11 ||    11
       Potion            |       |     1 ||     1
 Stab: Sleeping          |     1 |     2 ||     3
       Invisible         |     1 |       ||     1
       Paralysed         |     1 |       ||     1
  Eat: Chunk             |     1 |     1 ||     2
       Ration            |       |     4 ||     4
Armor: Robe              |    10 |     6 ||    16
       Leather armour    |       |    21 ||    21
Dodge: Dodged            |    31 |    60 ||    91
